 Dungeon Crawl Stone Soup version 0.21-a0-632-g1e37ce5 (webtiles) character file.

51 Doomer the Slasher (level 3, -2/33 HPs)
             Began as a Minotaur Monk on Dec 27, 2017.
             Slain by a hobgoblin
             ... wielding a +0 club
              (3 damage)
             ... on level 2 of the Dungeon.
             The game lasted 00:01:32 (795 turns).

Doomer the Slasher (Minotaur Monk)                   Turns: 795, Time: 00:01:32

Health: -2/33      AC:  2    Str: 16    XL:     3   Next: 57%
Magic:  2/2        EV: 13    Int:  7    God:
Gold:   40         SH:  0    Dex: 12    Spells: 2/2 levels left

rFire    . . .     SeeInvis .   a - +0 falchion
rCold    . . .     Gourm    .   (no shield)
rNeg     . . .     Faith    .   b - +0 robe
rPois    .         Spirit   .   (helmet restricted)
rElec    .         Reflect  .   (no cloak)
rCorr    .         Harm     .   (no gloves)
MR       .....                  (no boots)
Stlth    ++........             (no amulet)
HPRegen  0.11/turn              (no ring)
MPRegen  0.08/turn              (no ring)

@: lethally poisoned (-2 -> -5), drained
A: retaliatory headbutt, horns 2
a: no special abilities


You were on level 2 of the Dungeon.
You were not hungry.

You visited 1 branch of the dungeon, and saw 2 of its levels.

You collected 40 gold pieces.

Inventory:

Hand Weapons
 a - a +0 falchion (weapon)
Armour
 b - a +0 robe (worn)
Jewellery
 d - an uncursed ring of protection from magic {unknown}
Scrolls
 i - a scroll of magic mapping {unknown}
 j - a scroll of remove curse {unknown}
Potions
 e - a potion of ambrosia {unknown}
 f - a potion of curing {unknown}
 g - a potion of haste {unknown}
 h - 2 potions of lignification {unknown}
 k - 2 potions of flight {unknown}
Comestibles
 c - 2 rations


   Skills:
 + Level 4.0(3.5) Fighting
 + Level 4.5(4.1) Long Blades
 + Level 3.9(3.5) Dodging
 + Level 1.8(1.4) Stealth


You had 2 spell levels left.
You didn't know any spells.

Dungeon Overview and Level Annotations

Branches:
Dungeon (2/15)

Altars:


Innate Abilities, Weirdness & Mutations

You reflexively headbutt those who attack you in melee.
You have a pair of horns on your head.


Message History

The kobold shouts!
You hear a shout!
A hobgoblin comes into view. It is wielding a club.
The hobgoblin moves out of view.
You feel sick.
The hobgoblin shouts!
You feel sick.
Found 13 gold pieces.
The hobgoblin hits you with a club.
* * * LOW HITPOINT WARNING * * *
Found 7 gold pieces and a scroll labeled DYWIEF QEAMUY.
You hit the hobgoblin. Your headbutt misses the hobgoblin.
The hobgoblin is moderately wounded.
The hobgoblin hits you with a club.
* * * LOW HITPOINT WARNING * * *
A kobold comes into view.
You hit the hobgoblin but do no damage.
The hobgoblin is moderately wounded.
* * * LOW HITPOINT WARNING * * *
You feel sick. The hobgoblin hits you with a club.
You die...

..........## ##.
........... ..?
#######........## ....
#.....<............$...
#...%...........##....$
#...............#......
#...........###......K#
...........K..@g..#
............$.....#
####.................
8##....)..........####
.......†............#
.......#..............
......##...........##..
#8#......<.........# .#
# #...#)#########


You could see a hobgoblin and 2 kobolds.

Vanquished Creatures
  An adder (D:2)
  A dart slug (D:1)
  A leopard gecko (D:1)
  A ball python (D:1)
  2 giant cockroaches (D:1)
  9 goblins
  6 hobgoblins
  A quokka (D:2)
  2 bats (D:1)
  5 frilled lizards
  5 kobolds (D:1)
  2 rats (D:1)
36 creatures vanquished.

Notes
Turn   | Place    | Note
-------+----------+-------------------------------------------
     0 | D:1      | Doomer the Minotaur Monk began the quest for the Orb.
     0 | D:1      | Reached XP level 1. HP: 19/19 MP: 0/0
    65 | D:1      | Reached XP level 2. HP: 21/27 MP: 1/1
   406 | D:1      | Reached XP level 3. HP: 32/33 MP: 2/2
   795 | D:2      | HP: 1/33 [poisoned by an adder]
   795 | D:2      | Slain by a hobgoblin

Vault maps used:
D:1:      erik_arrival_blinker_ship
D:2:      serial_corexii_hall, corexii_hall_statues_deadend,
          corexii_hall_statues_i, corexii_hall_statues_i, corexii_hall_statues_x

Skill      XL: |  1  2  3 |
---------------+----------+-----
Long Blades    | 4 |  4.5
Fighting       | 4 |  4.0
Dodging        | |  3.9
Stealth        | |  1.8

Action                   || total
-------------------------++-------
Melee: Falchion          ||    66
       Headbutt          ||    12
 Stab: Sleeping          ||     3
Armor: Robe              ||     7
Dodge: Dodged            ||    44
       Rpst.: Falchion   ||    13

Table legend:
 A = Spawn XP
 B = Non-spawn XP
 C = Spawn XP percentage of total XP
 D = Spawn monster count
 E = Non-spawn monster count
 F = Spawn count percentage of total count
 G = Total turns spent on level
                    A         B        C        D         E        F      G
               +---------+---------+-------+---------+---------+-------+---------
         Total |       0 |      73 |   0.0 |       0 |      36 |   0.0 |   795
               +---------+---------+-------+---------+---------+-------+---------
           D:1 |       0 |      52 |   0.0 |       0 |      30 |   0.0 |   767
           D:2 |       0 |      21 |   0.0 |       0 |       6 |   0.0 |    28
               +---------+---------+-------+---------+---------+-------+---------
